 Dungeon Crawl Stone Soup version 0.31-a0-931-g7b59d4e (webtiles) character file.

Game seed: 7793545083412478056

4060 soloriens the Geomancer (level 10, 0/60 HPs)
             Began as a Gargoyle Earth Elementalist on Oct 19, 2023.
             Was a Follower of Vehumet.
             Slain by Gastronok (7 damage)
             ... on level 9 of the Dungeon.
             The game lasted 01:09:11 (9454 turns).

soloriens the Geomancer (GrEE)                      Turns: 9454, Time: 01:09:12

Health: 0/60       AC: 19    Str: 14    XL:     10   Next: 25%
Magic:  0/18       EV: 10    Int: 30    God:    Vehumet [*.....]
Gold:   554        SH:  3    Dex: 10    Spells: 8/20 levels left

rFire   . . .        W - +3 hand axe (freeze)
rCold   . . .        K - +0 buckler
rNeg    + . .        q - +1 acid dragon scales
rPois   ∞            o - +0 helmet
rElec   +            (no cloak)
rCorr   +            n - +0 pair of gloves
SInv    .            P - +2 pair of boots
Will    .....        y - amulet of guardian spirit
Stlth   ++           c - +6 ring of intelligence
HPRegen 0.30/turn    i - +6 ring of intelligence
MPRegen 0.16/turn

%: guardian spirit
@: no status effects
A: sickness immunity, AC +7, negative energy resistance 1, electricity
resistance, torment resistance 1, petrification resistance, mutation resistance
1
a: Renounce Religion


You were on level 9 of the Dungeon.
You worshipped Vehumet.
Vehumet was aware of your devotion.
You visited 2 branches of the dungeon, and saw 11 of its levels.
You also visited: Bailey.

You collected 762 gold pieces.
You spent 208 gold pieces at shops.

Inventory:

Hand Weapons
 b - a +0 sling
 l - a +2 orcbow of electrocution
 p - a +2 dagger of protection
 L - a +0 hand axe
 V - a +0 war axe
 W - a +3 hand axe of freezing (weapon)
 X - a +2 spectral quarterstaff
 Y - a +4 sling of flaming
Missiles
 f - 66 stones
 t - a curare-tipped dart
 E - 30 poisoned darts
 Q - 4 atropa-tipped darts
 U - 15 boomerangs (quivered)
Armour
 n - a +0 pair of gloves (worn)
 o - a +0 helmet (worn)
 q - +1 acid dragon scales (worn)
 H - a +0 scale mail
 K - a +0 buckler (worn)
 M - a +0 leather armour
 P - a +2 pair of boots (worn)
 T - the +4 ring mail of Dairock {rPois Regen+ rCorr Int-3}
   (You found it on level 8 of the Dungeon)

   Int-3:     It affects your intelligence (-3).
   rPois:     It protects you from poison Regen+: It increases your rate of
   health regeneration.
   rCorr:     It protects you from acid and corrosion.
Magical Staves
 a - a staff of conjuration
Jewellery
 c - a +6 ring of intelligence (left hand)
 i - a +6 ring of intelligence (right hand)
 j - a ring of resist corrosion
 y - an amulet of guardian spirit (around neck)
 J - a ring of flight
 N - a +5 ring of evasion
 S - a ring of protection from fire
Wands
 s - a wand of paralysis (19)
 C - a wand of iceblast (24)
Scrolls
 e - 4 scrolls of revelation
 h - 2 scrolls of enchant weapon
 u - a scroll of vulnerability
 w - 3 scrolls of noise
 B - a scroll of fog
 O - 3 scrolls of identify
Potions
 d - 2 potions of might
 m - 3 potions of brilliance
 r - 2 potions of haste
 v - 4 potions of lignification
 x - a potion of berserk rage {unknown}
 z - 2 potions of cancellation
 A - 2 potions of attraction
 D - 3 potions of mutation
 F - 2 potions of enlightenment
 G - 2 potions of curing
 I - 2 potions of heal wounds


   Skills:
 + Level 5.8 Fighting
 - Level 1.6 Dodging
 - Level 4.0 Stealth
 - Level 1.0 Shields
 + Level 5.6 Spellcasting
 - Level 7.0 Conjurations
 - Level 1.3 Transmutations
 * Level 2.9 Air Magic
 + Level 11.1 Earth Magic


You had 8 spell levels left.
You knew the following spells:

 Your Spells              Type           Power      Damage    Failure   Level
a - Sandblast             Erth           100%       2d20      1%          1
b - Stone Arrow           Conj/Erth      100%       3d13      1%          3
c - Passwall              Tmut/Erth      37%        N/A       1%          2
d - Freeze                Ice            32%        1d5       11%         1
e - Shock                 Conj/Air       100%       1d9       1%          1
f - Brom's Barrelling Bo  Conj/Erth      58%        2d7       2%          4

Your spell library contained the following spells:

 Spells                   Type           Power      Damage    Failure   Level
 Momentum Strike          Conj/Tloc      58%        3d9       3%          2
 Hailstorm                Conj/Ice       29%        3d8       8%          3
 Petrify                  Tmut/Erth      45%        N/A       9%          4
 Swiftness                Air            26%        N/A       10%         3
 Blink                    Tloc           16%        N/A       16%         2
 Ensorcelled Hibernation  Hex/Ice        16%        N/A       16%         2
 Lesser Beckoning         Tloc           16%        N/A       16%         2
 Borgnjor's Vile Clutch   Necr/Erth      20%        N/A       30%         5
 Frozen Ramparts          Ice            16%        1d3       32%         3
 Gell's Gravitas          Tloc           8%         N/A       32%         3
 Teleport Other           Tloc           8%         N/A       32%         3
 Animate Dead             Necr           8%         N/A       71%         4
 Metabolic Englaciation   Hex/Ice        4%         N/A       96%         5
 Orb of Destruction       Conj           25%        9d9       99%         7
 Death Channel            Necr           4%         N/A       100%        6
 Dispersal                Tloc           4%         N/A       100%        6


Dungeon Overview and Level Annotations

Branches:
Dungeon (10/15)            Temple (1/1) D:6          Bailey (visited)
   Lair: D:8-11         Orc: D:9-12

Altars:
Ashenzari
Cheibriados
Dithmenos
Elyvilon
Fedhas
Gozag
Hepliaklqana
Makhleb
Nemelex Xobeh
Okawaru
Qazlal
Ru
Sif Muna
Trog
Uskayaw
Vehumet
Wu Jian
Xom
Yredelemnul
Zin
The Shining One

Shops:
D:2 (   D:3 [   D:5 :   D:6 *

Annotations:
D:8 1 runed translucent door, 6 transporters
D:9 Gastronok


Innate Abilities, Weirdness & Mutations

You are immune to sickness and miasma.
Your stone body is resilient. (AC +7)
You are immune to poison.
You resist negative energy. (rN+)
You are resistant to electric shocks. (rElec)
You are resistant to unholy torment.
You are immune to petrification.
You are somewhat resistant to further mutation.


Message History

The centaur barely misses you. The centaur misses you.
The centaur closely misses you. You block the bat's attack.
Gastronok bites you!!
* * * LOW HITPOINT WARNING * * *
Throw: 15 boomerangs
Press: ? - help, Q - select action, (/) - cycle Shift-Dir - straight line, f/p - Gastronok
Aim: Gastronok, wearing a +2 hat (severely wounded, 93% to hit)
You throw a boomerang. The boomerang barely misses Gastronok.
You block the bat's attack. The centaur hits you.
* * * LOW HITPOINT WARNING * * *
The centaur barely misses you. x2
The centaur kicks you but does no damage.
As you read the scroll labelled QION SEITECS, it crumbles to dust.
It is a scroll of enchant armour.
Your +0 acid dragon scales glow green for a moment.
You block the centaur's attack. x2; The bat barely misses you.
The centaur hits you but does no damage.
The centaur kicks you but does no damage.
Gastronok bites you.
* * * LOW HITPOINT WARNING * * *
The bat hits you but does no damage.
Unknown command.
Casting: Stone Arrow (safe; 1% risk of failure)
Confirm with . or Enter, or press ? or * to list all spells.
Aiming: Sandblast (safe; 1% risk of failure)
Press: ? - help, Shift-Dir - straight line, f/p - Gastronok
Aim: Gastronok, wearing a +2 hat (severely wounded, 100% to hit)
The blast of sand hits Gastronok!
Gastronok is severely wounded.
The bat completely misses you. The centaur closely misses you.
The centaur misses you. The centaur barely misses you.
The centaur kicks you but does no damage.
You hit Gastronok. You freeze Gastronok.
Gastronok is almost dead.
You hit the centaur. You freeze the centaur. The bat closely misses you.
The centaur hits you but does no damage.
The centaur closely misses you. The centaur barely misses you. x2
Gastronok bites you!
You die...
Gastronok gurgles, "About time.
I'm starving!"

#....§#§w§§§....
####.#.....§##.#. #.##.......##
#### ### ..
####.......c...###..##.... ......
..........§#..§).........##).....
####...#...#.....##.####..##....[
PPPPP.PPP.##...#.##.####.........
.....c..P####..#w.#.##...........
PPP.PPPPP##.....@..b............#
..P............c..#............##
P.PPPPPPP###....÷#.............##
..P.....P.......###..............
PPP.PPP.P#..##.## #..........>...
P...P...P#.##### ####...........


PPP.PPP.P..# #.[......... ......P.P#.# #.......#... PPPPPPP.P..# ##......##...
You could see Gastronok, a centaur and a bat (summoned).

Vanquished Creatures
  Joseph (D:8)
  A hornet (D:8)
  A wyvern (D:9)
  3 yaks (D:8)
  A steam dragon (D:6)
  An acid dragon (D:8)
  3 orc warriors
  An ogre (D:4)
  4 centaurs
  A phantom (D:6)
  3 bullfrogs
  A kobold brigand (D:8)
  3 scorpions
  4 wights (D:8)
  6 killer bees (D:8)
  4 howler monkeys
  2 jellies
  A hound (D:5)
  4 orc priests
  2 gnoll boudas
  7 iguanas
  Ijyb (D:4)
  4 orc wizards
  Robin (D:2)
  13 gnolls
  5 adders
  2 white imps
  6 worms
  3 dart slugs (D:1)
  21 orcs
  A bat (D:1)
  3 endoplasms
  6 giant cockroaches
  20 goblins
  13 hobgoblins
  2 jackals (D:1)
  19 kobolds
  7 quokkas
  A ball python (D:4)
  3 frilled lizards
  7 rats
192 creatures vanquished.

Notes
Turn   | Place    | Note
-------+----------+-------------------------------------------
     0 | D:1      | soloriens the Gargoyle Earth Elementalist began the quest
                  | for the Orb.
     0 | D:1      | Reached XP level 1. HP: 10/10 MP: 3/3
   197 | D:1      | Reached skill level 4 in Earth Magic
   199 | D:1      | Reached XP level 2. HP: 15/15 MP: 0/5
   648 | D:1      | Reached skill level 5 in Earth Magic
   648 | D:1      | Reached XP level 3. HP: 19/19 MP: 4/6
   801 | D:2      | Learned a level 3 spell: Stone Arrow
   889 | D:2      | Noticed Robin
   921 | D:1      | Reached XP level 4. HP: 9/24 MP: 0/7
  1018 | D:2      | Killed Robin
  1123 | D:2      | Found Ulaib's Weapon Shop.
  1633 | D:3      | Reached skill level 6 in Earth Magic
  1891 | D:3      | Reached XP level 5. HP: 28/28 MP: 4/8
  1940 | D:3      | Learned a level 2 spell: Passwall
  2253 | D:3      | Found Omuiv's Armour Boutique.
  2813 | D:4      | Found a blossoming altar of Fedhas.
  2850 | D:4      | Noticed Ijyb
  2865 | D:4      | Reached skill level 7 in Earth Magic
  2962 | D:4      | Killed Ijyb
  3076 | D:4      | Noticed an ogre
  3327 | D:4      | You fall into a shaft and drop 3 floors!
  3381 | D:5      | Entered Level 5 of the Dungeon
  3391 | D:5      | Reached skill level 1 in Conjurations
  3391 | D:5      | Reached XP level 6. HP: 32/32 MP: 1/9
  3613 | D:5      | Reached skill level 8 in Earth Magic
  3714 | D:5      | Reached XP level 7. HP: 33/37 MP: 1/11
  3977 | D:5      | Found a bloodstained altar of Trog.
  4078 | D:5      | Found Keheim's Tiny Tomes.
  4083 | D:5      | Bought the Octavo of Impulse for 208 gold pieces
  4146 | D:5      | Gained mutation: You are somewhat resistant to further
                  | mutation. [potion of mutation]
  4154 | D:5      | Reached skill level 9 in Earth Magic
  5226 | D:6      | Noticed a steam dragon
  5235 | D:6      | Killed a steam dragon
  5236 | D:6      | Reached skill level 1 in Fighting
  5236 | D:6      | Reached skill level 1 in Transmutations
  5446 | D:6      | Reached XP level 8. HP: 43/43 MP: 11/13
  5653 | D:6      | Found Baschoqo's Gadget Gallery.
  5694 | D:6      | Found an iron altar of Okawaru.
  5719 | D:6      | Found a hazy altar of Hepliaklqana.
  5966 | D:6      | Found a shimmering altar of Xom.
  6158 | D:6      | Found a staircase to the Ecumenical Temple.
  6166 | Temple   | Entered the Ecumenical Temple
  6178 | Temple   | Became a worshipper of Vehumet
  6849 | D:7      | Identified the +7 long sword "Rousinuj" {vamp, rPois rC+++
                  | Int-4 Dex+2}
  6940 | D:7      | Reached skill level 10 in Earth Magic
  7284 | D:8      | Found a runed translucent door.
  7285 | D:8      | Found a burning altar of Makhleb.
  7285 | D:8      | Noticed a sixfirhy
  7391 | D:8      | Found a transporter.
  7394 | D:8      | Found a transporter.
  7403 | D:8      | Identified the +4 ring mail of Dairock {rPois Regen+ rCorr
                  | Int-3}
  7424 | D:8      | Found a flagged portal.
  7509 | Bailey   | Entered a bailey
  7512 | Bailey   | Learned a level 1 spell: Freeze
  7550 | Bailey   | Noticed an orc warlord
  7635 | D:8      | Reached XP level 9. HP: 32/52 MP: 12/15
  7727 | D:8      | Found a transporter.
  7734 | D:8      | Found a transporter.
  7758 | D:8      | Reached * piety under Vehumet
  7758 | D:8      | Offered knowledge of Shock by Vehumet.
  7778 | D:8      | HP: 2/52 [yak (9)]
  7810 | D:8      | Learned a level 1 spell: Shock
  7830 | D:8      | Reached skill level 5 in Conjurations
  8064 | D:8      | Reached skill level 5 in Fighting
  8077 | D:8      | Noticed Joseph
  8097 | D:8      | Reached skill level 5 in Spellcasting
  8208 | D:8      | Noticed a hornet
  8211 | D:8      | Killed a hornet
  8212 | D:8      | Reached skill level 1 in Air Magic
  8307 | D:8      | Found a transporter.
  8310 | D:8      | Found a transporter.
  8845 | D:8      | Killed Joseph
  8846 | D:8      | Reached skill level 1 in Shields
  8846 | D:8      | Reached skill level 11 in Earth Magic
  8846 | D:8      | Reached XP level 10. HP: 35/60 MP: 0/18
  9091 | D:9      | Learned a level 4 spell: Brom's Barrelling Boulder
  9299 | D:9      | Noticed Gastronok
  9318 | D:10     | Entered Level 10 of the Dungeon
  9454 | D:9      | Slain by Gastronok

Illustrated notes

Levels and vault maps discovered:
D:1:      amcnicky_arrival_gap_in_the_tavern_cellar, layout_rooms
D:2:      layout_basic, serial_shops, nicolae_lakefront_shop,
          hangedman_abyss_or_decor_stabs, dk_vineyard_1, uniq_robin
D:3:      layout_basic, serial_shops, shop
D:4:      layout_layer_cave, old_standard_altar, grunt_ministairs_12,
          nicolae_goblin_pals
D:5:      layout_basic, bloody_trog, nicolae_shop_i_like_small_books_too,
          kennysheep_generic_room_5
D:6:      layout_layer_cave, amcnicky_altar_gilded, okawaru_gym_becter,
          xom_teletrap_fun, minmay_temple_entry_statues,
          hangedman_decor_slide_cut, nicolae_shop_gadgets
D:7:      layout_rooms, nicolae_concentric_dashed_squares_wild
D:8:      layout_loops_ring, nzn_makhleb_speed_demon, enter_bailey_5,
          serial_nicolae_subway, nicolae_sub_station_stone,
          nicolae_sub_station_metal, nicolae_sub_station_crystal, uniq_joseph
D:9:      layout_cave_pools, minmay_hedge_maze, uniq_gastronok
D:10:     layout_loops_ring, lemuel_zombie_altar_kikubaaqudgha,
          david_lair_generic, david_orc_2
Temple:   eino_wide_crystal_templ

Skill      XL: |  1  2  3  4  5  6  7  8  9 10 |
---------------+-------------------------------+-----
Earth Magic    | 4 5 6 7 8 9 10 11 | 11.1
Conjurations   | 1 2 4 6 7 |  7.0
Spellcasting   | 3 4 5 |  5.6
Fighting       | 1 4 5 |  5.8
Transmutations | 1 |  1.3
Stealth        | 3 4 |  4.0
Air Magic      | 2 |  2.9
Shields        | 1 |  1.0
Dodging        | |  1.6

Action                     |  1- 3 |  4- 6 |  7- 9 | 10-12 || total
---------------------------+-------+-------+-------+-------++-------
  Melee: Unarmed           |     1 |       |       |       ||     1
         Dagger            |     1 |    50 |    13 |       ||    64
         Punch             |       |     1 |       |       ||     1
         War axe           |       |       |     7 |       ||     7
         Hand axe          |       |       |     1 |     2 ||     3
         Staff             |       |       |       |     1 ||     1
  Throw: Stone             |       |     1 |     2 |       ||     3
         Boomerang         |       |       |     3 |    10 ||    13
   Cast: Sandblast         |    43 |    56 |    95 |    11 ||   205
         Stone Arrow       |       |    19 |    48 |     8 ||    75
         Passwall          |       |     2 |       |       ||     2
         Shock             |       |       |    24 |    29 ||    53
         Brom's Barrelling |       |       |       |     1 ||     1
    Use: Scroll            |     2 |     6 |     4 |     7 ||    19
         Potion            |     1 |       |     5 |     2 ||     8
 Armour: Robe              |    32 |    53 |    15 |       ||   100
         Leather armour    |       |       |    58 |       ||    58
         Acid dragon scale |       |       |    29 |    73 ||   102
  Dodge: Dodged            |    27 |    31 |    44 |    46 ||   148
  Block: Buckler           |       |       |    12 |    17 ||    29

Table legend: (Time is in decaauts)
 A = Elapsed time spent in this place.
 B = Non-inter-level travel time spent in this place.
 C = Inter-level travel time spent in this place.
 D = Time resting spent in this place.
 E = Time spent auto-exploring this place.
 F = Levels seen in this place.
 G = Mean time per level.
                   A        B        C        D        E       F      G
               +--------+--------+--------+--------+--------+-----+--------+
         Total |   9569 |   8995 |    574 |    963 |   6020 |  12 |  797.4 |
       Dungeon |   9413 |   8861 |    552 |    963 |   5992 |  10 |  941.3 |
        Temple |     24 |      2 |     22 |      0 |      0 |   1 |   24.0 |
        Bailey |    131 |    131 |      0 |      0 |     28 |   1 |  131.0 |
               +--------+--------+--------+--------+--------+-----+--------+

Top non-repeatable levels by time:
     D:8: 1678 daAuts
     D:6: 1575 daAuts
     D:4: 1457 daAuts
     D:3: 1183 daAuts
     D:5: 886 daAuts
     D:1: 856 daAuts
     D:2: 753 daAuts
     D:7: 551 daAuts
     D:9: 367 daAuts
  Bailey: 131 daAuts
    D:10: 104 daAuts
  Temple: 24 daAuts
